Map: Prion Terraces

Players

lesha

  • Race: Terran Terran
  • League: Gold

rafas - Winner!

  • Race: Zerg Zerg
  • League: Gold

VOD

Have the link to the VOD?

Description

Time

  • Played on: Jan. 9, 2016, 9:36 a.m.
  • Length: 4:53
Show
View Real Time Build Order
Export as new Build Order

lesha Terran 

Build Orders: Reaper Expand 

Get SALT Encoding   

  12  0:01  SCV  
  13  0:13  SCV  
  14  0:19  Supply Depot  
  14  0:26  SCV  
  15  0:40  SCV  
  15  0:42  Barracks  
  16  0:46  Refinery  
  16  0:57  SCV  
  17  1:09  SCV  
  18  1:21  SCV  
  19  1:30  Reaper  
  20  1:33  Orbital Command  
  20  1:42  Command Center  
  20  1:52  Supply Depot  
  20  2:00  SCV  
  21  2:05  Barracks Reactor  
  21  2:13  SCV  
  22  2:16  Refinery  
  22  2:25  Factory  
  22  2:28  SCV  
  23  2:40  SCV  
  24  2:47  Marine x2  
  26  2:53  SCV  
  27  2:59  Barracks  
  27  3:04  Orbital Command  
  27  3:05  Barracks  
  27  3:21  SCV  
  27  3:22  Barracks Reactor  
  27  3:24  Starport  
  28  3:33  SCV  
  26  3:40  Hellion  
  26  3:41  Hellion  
  30  3:53  Marine x2  
  31  4:05  Bunker  
  24  4:22  Marine x4  
Show
View Real Time Build Order
Export as new Build Order

rafas Zerg - Winner!

Build Orders: Pool First, Zergling Baneling 

Get SALT Encoding   

  12  0:08  Drone  
  12  0:12  Overlord  
  13  0:20  Drone  
  14  0:35  Spawning Pool  
  14  0:38  Drone  
  14  0:42  Drone  
  15  0:46  Extractor  
  15  0:48  Drone  
  15  0:52  Drone  
  16  1:05  Drone  
  17  1:13  Drone  
  18  1:24  Queen  
  20  1:25  Drone  
  21  1:34  Overlord  
  21  1:50  Drone  
  21  1:52  Baneling Nest  
  21  2:03  Zergling x2  
  21  2:07  Zergling x2  
  23  2:11  Metabolic Boost  
  23  2:22  Hatchery  
  22  2:23  Zergling x2  
  22  2:29  Overlord  
  23  2:33  Zergling x4  
  23  2:36  Zergling x2  
  26  2:42  Zergling x2  
  27  2:47  Baneling  
  27  2:48  Baneling  
  26  2:52  Zergling x2  
  26  3:05  Zergling x2  
  27  3:15  Zergling x4  
  27  3:17  Zergling x2  
  30  3:24  Hatchery  
  29  3:27  Zergling x2  
  29  3:36  Baneling  
  29  3:38  Baneling x2  
  29  3:39  Zergling x4  
  31  3:44  Baneling x3  
  31  3:52  Zergling x2  
  32  3:59  Zergling x6  
  32  4:14  Zergling x6  
  34  4:29  Zergling x2  
  34  4:30  Zergling x8  
Tags
 
Add a new tag
Caveats
  • Supply blocks, unpowered buildings, or Contaminate may cause inaccurate times.
  • Supply counts are checked every 10 seconds.